 Dungeon Crawl Stone Soup version 0.24-a0-433-gbe6fa4f6cc (webtiles) character file.

Game seed: 1657700764405801262

619240 Mazulla the Slayer (level 27, -2/226 HPs)
             Began as a Formicid Venom Mage on June 14, 2019.
             Was the Champion of Qazlal.
             Killed from afar by an electric golem (30 damage)
             ... with a bolt of lightning
             ... on level 5 of the Realm of Zot.
             The game lasted 03:10:12 (51300 turns).

Mazulla the Slayer (Formicid Venom Mage)           Turns: 51300, Time: 03:10:13

Health: -2/226     AC: 45    Str: 28    XL:     27
Magic:  28/35      EV: 10    Int: 16    God:    Qazlal [******]
Gold:   2876       SH: 36    Dex: 13    Spells: 30/40 levels left

rFire    . . .     SeeInvis +   a - +9 broad axe (vamp)
rCold    + + +     Gourm    .   K - +4 large shield
rNeg     + . .     Faith    .   o - +10 gold dragon scales
rPois    +         Spirit   .   (helmet unavailable)
rElec    +         Reflect  +   m - +2 cloak
rCorr    .         Harm     .   d - +0 pair of gloves of the Engineer {rF- rC+ rN+ Slay+3 SInv}
MR       +++..                  O - +2 pair of boots {Fly}
Stlth    ..........             f - +3 amulet of reflection
HPRegen  0.47/turn              R - ring of protection from magic
MPRegen  0.24/turn              A - ring of protection from cold

@: mighty, protected from electricity, flying, studying 2 skills, repel missiles
A: permanent stasis, dig shafts and tunnels, four strong arms, antennae 3,
rugged brown scales 1, agile 1, blurry vision 1, dopey 1, frail 1, subdued magic
1
}: 3/15 runes: serpentine, barnacled, abyssal
a: Dig, Shaft Self, Upheaval, Elemental Force, Disaster Area, Renounce Religion,
Stop Flying


You were on level 5 of the Realm of Zot.
You worshipped Qazlal.
Qazlal was exalted by your worship.
You were not hungry.

You visited 9 branches of the dungeon, and saw 48 of its levels.
You visited the Abyss 1 time.
You also visited: Sewer, Bailey and Ice Cave.

You collected 5797 gold pieces.
You spent 2921 gold pieces at shops.

Inventory:

Hand Weapons
 a - a +9 vampiric broad axe (weapon)
 b - the +18 lance "Wyrmbane" {slay drac, rPois rF+ rC+ AC+3}
   (You found it on level 10 of the Dungeon)

   It affects your AC (+3).
   It protects you from fire.
   It protects you from cold.
   It protects you from poison.
 J - a +9 executioner's axe of flaming
Missiles
 E - 12 throwing nets
 P - 81 javelins
 V - 21 silver javelins (quivered)
Armour
 d - the +0 pair of gloves of the Engineer (worn) {rF- rC+ rN+ Slay+3 SInv}
   (You found it on level 6 of the Dungeon)

   It affects your accuracy and damage with ranged weapons and melee attacks
   (+3).
   It makes you vulnerable to fire.
   It protects you from cold.
   It protects you from negative energy.
   It lets you see invisible.
 m - a +2 cloak (worn)
 o - +10 gold dragon scales (worn)
 K - a +4 large shield (worn)
 O - a +2 pair of boots of flying (worn)
Jewellery
 f - a +3 amulet of reflection (around neck)
 q - the ring "Puiqiet" {Fire rN+}
   (You took it off a deep elf mage on level 3 of the Elven Halls)

   [ring of fire]

   It enhances your fire magic.
   It protects you from fire.
   It makes you vulnerable to cold.
   It protects you from negative energy.
 A - a ring of protection from cold (right hand)
 M - an uncursed ring of resist corrosion
 Q - an uncursed ring of poison resistance
 R - a ring of protection from magic (left hand)
Wands
 v - a wand of digging (9)
 y - a wand of paralysis (68)
 F - a wand of clouds (2)
 I - a wand of random effects (14)
 N - a wand of acid (39)
 Y - a wand of iceblast (42)
Scrolls
 h - a scroll of fog
 k - 12 scrolls of identify
 l - a scroll of brand weapon
 t - 11 scrolls of magic mapping
 u - a scroll of holy word
 w - 15 scrolls of remove curse
 x - 11 scrolls of fear
 z - a scroll of summoning
 C - a scroll of amnesia
 D - a scroll of enchant armour
Potions
 e - 10 potions of magic
 g - 3 potions of invisibility
 i - 14 potions of curing
 s - 14 potions of brilliance
 G - a potion of ambrosia
 H - 2 potions of agility
 S - 5 potions of resistance
 T - 5 potions of might
 W - 2 potions of mutation
 X - 3 potions of cancellation
Books
 n - a manual of Invocations
 p - a manual of Fire Magic
Comestibles
 c - 62 rations


   Skills:
 - Level 25.7 Fighting
 - Level 21.9 Axes
   Level 7.7(8.7) Slings
 - Level 5.5(7.2) Throwing
 - Level 23.0 Armour
 - Level 4.7 Dodging
 - Level 2.4 Stealth
 - Level 15.0 Shields
 - Level 7.4 Spellcasting
 - Level 1.2 Conjurations
 - Level 7.2 Charms
 - Level 1.3 Air Magic
 - Level 4.3 Poison Magic
 - Level 16.6 Invocations
 * Level 11.9 Evocations


You had 30 spell levels left.
You knew the following spells:

 Your Spells              Type           Power        Failure   Level  Hunger
a - Sting                 Conj/Pois      ##..         28%         1    None
b - Poisonous Vapours     Pois/Air       ##....       38%         2    None
c - Swiftness             Chrm/Air       ###.....     22%         2    None
d - Song of Slaying       Chrm           ###.....     6%          2    None
e - Regeneration          Chrm/Necr      ##........   52%         3    ##.....

Your spell library contained the following spells:

 Spells                   Type           Power        Failure   Level  Hunger
 Infusion                 Chrm           ###.         4%          1    None
 Shroud of Golubria       Chrm/Tloc      ##....       30%         2    None
 Magic Dart               Conj           #...         47%         1    None
 Shock                    Conj/Air       #...         47%         1    None
 Ozocubu's Armour         Chrm/Ice       ##......     52%         3    ##.....
 Spectral Weapon          Hex/Chrm       ##......     52%         3    ##.....
 Flame Tongue             Conj/Fire      #....        58%         1    None
 Searing Ray              Conj           #.....       63%         2    None
 Animate Skeleton         Necr           N/A          67%         1    None
 Apportation              Tloc           #.....       67%         1    None
 Confusing Touch          Hex            #.....       67%         1    None
 Corona                   Hex            #......      67%         1    None
 Freeze                   Ice            #...         67%         1    None
 Summon Butterflies       Summ           #.......     67%         1    None
 Summon Small Mammal      Summ           #...         67%         1    None
 Mephitic Cloud           Conj/Pois/Air  ##......     71%         3    ##.....
 Throw Frost              Conj/Ice       #.....       73%         2    None
 Spider Form              Tmut/Pois      #.........   73%         3    ##.....
 Call Imp                 Summ           #.......     80%         2    None
 Corpse Rot               Necr           N/A          80%         2    None
 Ensorcelled Hibernation  Hex/Ice        #.....       80%         2    None
 Passwall                 Tmut/Erth      #.......     80%         2    None
 Slow                     Hex            #.......     80%         2    None
 Ignite Poison            Fire/Tmut/Pois #.......     83%         3    ##.....
 Olgreb's Toxic Radiance  Pois           ###.....     83%         4    ####...
 Static Discharge         Conj/Air       #.......     85%         3    ##.....
 Conjure Flame            Conj/Fire      #.......     92%         3    ##.....
 Dazzling Spray           Conj/Hex       #.....       92%         3    ##.....
 Call Canine Familiar     Summ           #.......     96%         3    ##.....
 Confuse                  Hex            #.......     96%         3    ##.....
 Gell's Gravitas          Tloc           #.........   96%         3    ##.....
 Lesser Beckoning         Tloc           #.........   96%         3    ##.....
 Recall                   Summ/Tloc      N/A          96%         3    ##.....
 Teleport Other           Tloc           #.......     96%         3    ##.....
 Tukima's Dance           Hex            #.......     96%         3    ##.....
 Airstrike                Air            #.........   99%         4    ####...
 Iskenderun's Mystic Bla  Conj           #.......     99%         4    ####...
 Iskenderun's Battlesphe  Conj/Chrm      ###.....     99%         5    #####..
 Animate Dead             Necr           N/A          100%        4    ####...
 Cause Fear               Hex            #.........   100%        4    ####...
 Force Lance              Conj/Tloc      #.......     100%        4    ####...
 Fulminant Prism          Conj/Hex       #.........   100%        4    ####...
 Ice Form                 Ice/Tmut       #.......     100%        4    ####...
 Passage of Golubria      Tloc           N/A          100%        4    ####...
 Sticky Flame             Conj/Fire      #.......     100%        4    ####...
 Summon Ice Beast         Ice/Summ       #.......     100%        4    ####...
 Throw Icicle             Conj/Ice       #.......     100%        4    ####...
 Agony                    Necr           #.......     100%        5    #####..
 Aura of Abjuration       Summ           #.........   100%        5    #####..
 Bolt of Magma            Conj/Fire/Erth #.........   100%        5    #####..
 Fireball                 Conj/Fire      #.........   100%        5    #####..
 Irradiate                Conj/Tmut      #.........   100%        5    #####..
 Lightning Bolt           Conj/Air       #.........   100%        5    #####..
 Metabolic Englaciation   Hex/Ice        #.........   100%        5    #####..
 Summon Demon             Summ           #.........   100%        5    #####..
 Summon Forest            Summ/Tloc      #.........   100%        5    #####..
 Summon Mana Viper        Hex/Summ       #.......     100%        5    #####..
 Venom Bolt               Conj/Pois      ##........   100%        5    #####..
 Bolt of Cold             Conj/Ice       #.........   100%        6    #######
 Bolt of Fire             Conj/Fire      #.........   100%        6    #######
 Death Channel            Necr           #.........   100%        6    #######
 Freezing Cloud           Conj/Ice/Air   #.........   100%        6    #######
 Iron Shot                Conj/Erth      #.........   100%        6    #######
 Ozocubu's Refrigeration  Ice            #.........   100%        6    #######
 Shadow Creatures         Summ           N/A          100%        6    #######
 Simulacrum               Ice/Necr       #.........   100%        6    #######
 Statue Form              Tmut/Erth      #........    100%        6    #######
 Dragon Form              Tmut           #.........   100%        7    #######
 Malign Gateway           Summ/Tloc      #.........   100%        7    #######
 Monstrous Menagerie      Summ           #.........   100%        7    #######
 Orb of Destruction       Conj           #.........   100%        7    #######
 Ring of Flames           Chrm/Fire      ##........   100%        7    #######
 Spellforged Servitor     Conj/Summ      #.........   100%        7    #######
 Summon Greater Demon     Summ           #.........   100%        7    #######
 Summon Hydra             Summ           #.........   100%        7    #######
 Ignition                 Fire           #.........   100%        8    #######
 Summon Horrible Things   Summ           #.........   100%        8    #######
 Dragon's Call            Summ           #.........   100%        9    #######
 Shatter                  Erth           #.........   100%        9    #######
 Tornado                  Air            #.........   100%        9    #######
 Blink                    Tloc           Unusable     N/A         2    N/A

Dungeon Overview and Level Annotations

Branches:
Dungeon (15/15)            Temple (0/1) D:7            Lair (6/6) D:8
 Shoals (4/4) Lair:4        Snake (4/4) Lair:3        Slime (0/5) Lair:6
    Orc (2/2) D:9             Elf (3/3) Orc:2        Vaults (4/5) D:13
  Crypt (0/3) Vaults:3     Depths (5/5) D:15            Zot (5/5) Depths:5

Altars:
Ashenzari
Dithmenos
Fedhas
Gozag
Kikubaaqudgha
Makhleb
Qazlal
Ru
Sif Muna
Trog
Uskayaw
Vehumet
Xom
Yredelemnul
Zin
The Shining One
Beogh
Jiyva
Lugonu

Shops:
D:4 !   D:5 *   D:6 =   D:9 %   D:15 (   Orc:2 :?}*   Elf:1 ?[*   Elf:3 *
Vaults:1 !   Depths:2 !   Depths:5 *

Portals:
Hell: Depths:1 Depths:2 Depths:3 Depths:4 Depths:5
Abyss: Depths:2 Depths:4
Pandemonium: Depths:3
Ziggurat: Depths:4
Trove: Depths:5 (give +8 demon blade)

Annotations:
D:4 exclusion: downstairs
D:6 2 runed translucent doors
D:12 exclusion: downstairs
Lair:2 3 runed translucent doors, adept's ghost, journeyman HOFi
Lair:3 1 runed translucent door, Plog's ghost, journeyman MiBe


Innate Abilities, Weirdness & Mutations

You cannot be hasted, slowed, berserked, paralysed or teleported.
You can dig through walls and to a lower floor.
Your four strong arms can wield two-handed weapons with a shield.
You have a pair of large antennae on your head. (SInv)
You are partially covered in rugged brown scales. (AC +1, +3% HP)
You are agile. (Dex +2)
Scrolls take you a little longer to read.
You are dopey. (Int -2)
You are frail. (-10% HP)
Your spells are a little easier to cast, but a little less powerful.


Message History

You block the electric golem's attack. x4
The white draconian hits you but does no damage.
The electric golem blinks!
Items here: )) [[ † a +0 dagger; a +0 cloak; a +0 long sword; a +0 cloak; a green draconian corpse You chop the white draconian into pieces!!!
You feel better.
The white draconian is severely wounded.
You hear a shout!
The yellow draconian is struck by lightning.
The yellow draconian throws acid at you.
The glob of acid hits you.
* * * LOW HITPOINT WARNING * * *
You are splashed with acid!
* * * LOW HITPOINT WARNING * * *
The electric golem hurls lightning at you.
The bolt of lightning hits you!!
Your resistance to fire fades away.
You feel protected from electricity.
You die...

,,,,** **,,,{{,,,,,,,,, ,,***
***,,,,,,,,,,,, *** ****{,,,,,,,,
**** *▓▓▓▓▓▓******* ,,,***
###.....{,,,,,,, *,,,.#*
##....#*○{,,,,,,,
***,..###########d).#**,{{,,,,,,,
,***.........°).)d[##*{{{,,,,,,,,
,* *#.......8...@☼## *{,{,,,,,,,,
,* #...........§[# *,,,,,,,,,,,
,* ##........°○§## *,,,,,,,,,,,
,* #.........°§# *,,,,,,,,,,, ,*
##........)..## *,,,,,,,,,,, **
#.............# **,,,,,,,,,, *
##.............#* **,,,,,,,,,
#...............# **,,,,,,,,
▓▓▓########.########▓▓▓▓*********


You could see an electric golem, a yellow draconian and a white draconian.

Vanquished Creatures
  4 orbs of fire
  3 ancient liches (Zot:5)
  Mara (Snake:3)
  A shard shrike (Zot:5)
  4 Killer Klowns (Zot:5)
  3 curse toes
  12 golden dragons
  Nikola (Shoals:1)
  A bone dragon (Vaults:3)
  A Hell Sentinel (Abyss:3)
  Jorgrun (Shoals:3)
  11 tentacled monstrosities
  7 Orb Guardians (Zot:5)
  A deep elf blademaster (Elf:3)
  2 deep elf master archers (Elf:3)
  5 quicksilver dragons
  4 sphinxes
  2 krakens
  11 death cobs
  4 shadow dragons
  6 storm dragons
  A tengu reaver (Depths:4)
  Donald (Shoals:1)
  Kirke (Snake:1)
  15 draconian monks
  4 nagarajas (Snake:4)
  3 draconian scorchers
  6 frost giants
  An iron dragon (Depths:4)
  8 draconian knights
  An orc warlord (Bailey)
  10 fire giants
  5 draconian shifters
  9 deep elf sorcerers
  Louise (Shoals:1)
  3 ghost moths
  9 vault wardens
  15 ironheart preservers
  2 spriggan defenders (Depths:3)
  A cacodemon (Abyss:3)
  A balrug (Depths:2)
  Aizul (Snake:1)
  5 deep elf elementalists
  8 draconian stormcallers
  2 ghouls
  5 draconian annihilators
  13 very ugly things
  An entropy weaver (Vaults:4)
  7 deep elf annihilators
  8 deep elf demonologists
  16 white draconians
  13 stone giants
  7 spark wasps
  12 red draconians
  A dire elephant (Lair:6)
  A minotaur (Shoals:1)
  9 black draconians
  7 green draconians
  7 yellow draconians
  8 purple draconians
  4 merfolk javelineers
  A fire dragon (shapeshifter) (Vaults:2)
  A blizzard demon (Abyss:3)
  10 deep elf death magi
  2 small abominations
  Josephine (Shoals:1)
  9 merfolk impalers
  7 ettins
  10 fire dragons
  10 yaktaur captains
  8 great orbs of eyes
  7 hydras
  Harold (D:7)
  Fannar (D:11)
  4 rakshasas
  17 vault guards
  5 deep elf high priests
  7 ice dragons
  17 naga warriors
  4 spriggan air magi
  Erica (D:8)
  A catoblepas (Lair:6)
  A merfolk avatar (Lair:6)
  7 centaur warriors
  13 anacondas
  3 satyrs
  25 dancing weapons
  6 death knights
  6 merfolk aquamancers (Shoals:4)
  6 ogre magi
  10 death yaks
  10 tengu warriors
  6 deep troll shamans
  16 two-headed ogres
  An alligator snapping turtle (Shoals:4)
  7 orc high priests
  5 spriggan berserkers
  A titan zombie (Depths:3)
  11 deep troll earth magi
  2 sun demons (Depths:2)
  15 naga sharpshooters
  Sonja (D:10)
  23 deep elf knights
  9 shock serpents
  A sea snake (shapeshifter) (Vaults:3)
  6 hell knights (Depths:4)
  3 salamander mystics
  4 iron trolls (Depths:5)
  8 skeletal warriors
  8 sea snakes
  A golden dragon skeleton (Depths:3)
  2 unseen horrors
  26 deep trolls
  A deep troll (shapeshifter) (Vaults:1)
  2 flayed ghosts
  A kraken simulacrum (Shoals:4)
  4 glowing orange brains
  4 wizards
  9 naga ritualists
  9 deep elf archers
  6 necromancers
  3 phantasmal warriors
  Pikel (D:5)
  14 ironbrand convokers
  8 orc knights
  6 mana vipers
  59 deep elf magi
  3 wolf spiders
  5 draconians (Abyss:3)
  24 harpies
  3 oklob plants
  15 salamanders
  15 fauns
  33 ugly things
  A stone giant zombie (Vaults:4)
  7 cyclopes
  19 manticores
  22 slime creatures
  4 orc sorcerers
  Maurice (D:13)
  12 elephants
  31 black mambas
  Joseph (Lair:1)
  19 moths of wrath
  5 centaur zombies
  6 merfolk sirens
  3 water nymphs
  16 naga magi
  3 guardian serpents
  12 vault sentinels
  A black mamba (shapeshifter) (Vaults:1)
  An ice statue (IceCv)
  A stone giant skeleton (Vaults:4)
  A torpor snail (Lair:6)
  A human zombie (Vaults:2)
  An elf skeleton (Depths:3)
  13 spiny frogs
  A spriggan skeleton (Depths:3)
  72 yaktaurs
  2 centaur skeletons (D:11)
  6 freezing wraiths
  A yaktaur zombie (Vaults:2)
  9 rime drakes
  8 komodo dragons
  A kobold demonologist (D:13)
  3 tengu conjurers
  3 meliai (Shoals:1)
  5 trolls
  An ancient zyme (Abyss:3)
  A hellwing (Abyss:3)
  7 wind drakes
  A queen bee (D:10)
  A queen bee (shapeshifter) (Elf:1)
  3 hornets
  2 polar bears (shapeshifter)
  A meliai (shapeshifter) (Depths:5)
  Grinder (D:5)
  A hornet (shapeshifter) (Depths:4)
  12 blink frogs
  22 merfolk
  A dream sheep (shapeshifter) (Depths:5)
  A hippogriff (shapeshifter) (Vaults:3)
  6 large abominations
  14 snapping turtles
  16 polar bears
  8 dream sheep
  2 ettin zombies
  14 hippogriffs
  A tarantella (shapeshifter) (Vaults:3)
  18 water elementals
  A spriggan (shapeshifter) (Vaults:4)
  An air elemental (Elf:3)
  2 redbacks (Vaults:4)
  4 wraiths
  An ettin skeleton (Vaults:4)
  60 yaks
  3 fire elementals
  8 humans (D:13)
  8 wyverns
  6 hogs (Snake:1)
  2 basilisks
  A golden eye (Abyss:3)
  A hog (shapeshifter) (Depths:4)
  A steam dragon (D:10)
  2 vampire mosquitoes (D:12)
  A chaos spawn (Abyss:3)
  Menkaure (D:5)
  12 wargs
  2 hungry ghosts
  3 soldier ants
  4 acid dragons
  47 nagas
  Duvessa (D:7)
  A floating eye (shapeshifter) (Vaults:4)
  16 porcupines
  13 water moccasins
  24 orc warriors
  5 ice beasts
  3 sky beasts
  2 slaves
  2 hornet zombies (D:10)
  A black bear (shapeshifter) (Vaults:1)
  2 black bears (D:10)
  21 ogres
  An ogre (shapeshifter) (Elf:3)
  17 boggarts
  22 centaurs
  29 wolves
  9 crocodiles
  3 big kobolds
  6 earth elementals
  3 elf zombies (Elf:1)
  A human skeleton (Vaults:2)
  24 bullfrogs
  Dowan (D:7)
  A scorpion (D:6)
  9 killer bees (D:10)
  3 howler monkeys (D:12)
  2 electric eels
  8 crimson imps
  7 starcursed masses (Abyss:3)
  2 bullfrog zombies
  5 jellies
  35 orc priests
  3 bullfrog skeletons
  A gnoll shaman (D:7)
  7 hounds
  27 orc wizards
  Ijyb (D:5)
  6 iguanas
  9 worker ants
  A killer bee zombie (D:6)
  A worker ant zombie (D:6)
  4 gnolls
  12 adders
  3 shadow imps
  2 oozes
  An adder skeleton (D:7)
  2 adder zombies
  3 worms
  A dart slug (D:2)
  9 leopard geckos
  104 orcs
  15 giant cockroaches
  6 goblins
  4 hobgoblins
  14 jackals
  4 quokkas
  3 ball pythons (Sewer)
  7 bats
  3 frilled lizards
  A giant cockroach zombie (D:5)
  25 kobolds
  A leopard gecko zombie (D:7)
  A quokka skeleton (D:4)
  3 rats
  2 crawling corpses (Vaults:3)
  2 fungi
  9 plants
  A starspawn tentacle (Abyss:3)
  7 tentacles
2090 creatures vanquished.

Vanquished Creatures (collateral kills)
  A deep elf sorcerer (Elf:3)
  An anaconda (Snake:1)
  A naga mage (Snake:1)
  A hog (Snake:1)
  A naga (Snake:1)
5 creatures vanquished.

Vanquished Creatures (others)
  Nessos (Lair:5)
  A naga sharpshooter (Snake:4)
  A deep elf knight (Vaults:2)
  A sea snake (Shoals:1)
  A draconian (Abyss:3)
  A moth of wrath (Zot:5)
  A black mamba (Snake:1)
  2 polar bears (IceCv)
  5 yaks (IceCv)
  A water elemental (Depths:4)
  A fire elemental (Elf:3)
  3 wolves (IceCv)
  3 boggarts
  A centaur skeleton (D:5)
  4 kobolds (Bailey)
  5 fungi
  82 plants
  13 tentacles
127 creatures vanquished.

Grand Total: 2222 creatures vanquished

Notes
Turn   | Place    | Note
-------+----------+-------------------------------------------
     0 | D:1      | Mazulla the Formicid Venom Mage began the quest for the
                  | Orb.
     0 | D:1      | Reached XP level 1. HP: 13/13 MP: 3/3
   331 | D:1      | Reached skill level 1 in Conjurations
   442 | D:1      | Reached XP level 2. HP: 19/19 MP: 5/5
   446 | D:1      | Learned a level 2 spell: Poisonous Vapours
   620 | D:1      | You fall into a shaft and drop 1 floor!
   819 | D:2      | Reached XP level 3. HP: 24/24 MP: 6/6
   909 | D:2      | Reached skill level 1 in Fighting
   936 | D:2      | Reached skill level 1 in Air Magic
   991 | D:2      | Reached skill level 1 in Slings
  1181 | D:2      | Reached XP level 4. HP: 32/32 MP: 7/7
  1221 | D:2      | Found a bloodstained altar of Trog.
  1347 | D:2      | Found an opulent altar of Gozag.
  1946 | D:3      | Reached XP level 5. HP: 37/37 MP: 9/9
  1983 | D:3      | Found a basalt altar of Yredelemnul.
  2252 | D:4      | Found Mafin's Distillery.
  2252 | D:4      | Noticed an ogre
  2256 | D:4      | Killed an ogre
  2256 | D:4      | Reached skill level 1 in Axes
  2256 | D:4      | Reached skill level 1 in Armour
  2273 | D:4      | Bought a potion of mutation for 80 gold pieces
  2273 | D:4      | Gained mutation: You are robust. (+10% HP) [potion of
                  | mutation]
  2273 | D:4      | Gained mutation: Your mind is acute. (Int +2) [potion of
                  | mutation]
  2346 | D:4      | Reached XP level 6. HP: 32/48 MP: 10/10
  2369 | D:4      | Found an ancient bone altar of Kikubaaqudgha.
  2548 | D:4      | Found a glowing drain.
  2578 | Sewer    | Entered a sewer
  2586 | Sewer    | Reached skill level 2 in Fighting
  3238 | D:4      | Found a shattered altar of Ashenzari.
  3362 | D:4      | Noticed an ogre
  3367 | D:4      | Killed an ogre
  3367 | D:4      | Reached XP level 7. HP: 55/55 MP: 11/11
  3451 | D:4      | Found a stormy altar of Qazlal.
  3582 | D:4      | Became a worshipper of Qazlal Stormbringer
  3645 | D:5      | Entered Level 5 of the Dungeon
  3645 | D:5      | Found a shimmering altar of Xom.
  3645 | D:5      | Found a shimmering altar of Xom.
  3646 | D:5      | Found a shimmering altar of Xom.
  3646 | D:5      | Noticed Ijyb
  3647 | D:5      | Noticed Menkaure
  3762 | D:5      | Noticed Pikel
  3849 | D:5      | Killed Pikel
  3849 | D:5      | Reached XP level 8. HP: 48/61 MP: 12/12
  3893 | D:5      | Found Xitoi's Assorted Antiques.
  3934 | D:5      | Bought a distressingly furry chain mail for 285 gold pieces
  3944 | D:5      | Identified the +7 chain mail of Tenacity {rElec} (You
                  | bought it in a shop on level 5 of the Dungeon)
  4053 | D:5      | Killed Ijyb
  4093 | D:5      | Found a shimmering altar of Xom.
  4095 | D:5      | Found a shimmering altar of Xom.
  4095 | D:5      | Found a shimmering altar of Xom.
  4095 | D:5      | Found a shimmering altar of Xom.
  4098 | D:5      | Found a shimmering altar of Xom.
  4134 | D:5      | Killed Menkaure
  4134 | D:5      | Reached skill level 1 in Shields
  4421 | D:5      | Reached skill level 5 in Axes
  4421 | D:5      | Reached XP level 9. HP: 68/68 MP: 13/13
  4435 | D:5      | Noticed Grinder
  4459 | D:5      | Killed Grinder
  4459 | D:5      | Reached * piety under Qazlal
  4459 | D:5      | Reached skill level 3 in Fighting
  4966 | D:6      | Found Losaipnu's Jewellery Emporium.
  5279 | D:6      | Found a large runed translucent door.
  5279 | D:6      | Found a large runed translucent door.
  5374 | D:6      | Found a burning altar of Makhleb.
  5423 | D:6      | Reached skill level 1 in Throwing
  5423 | D:6      | Reached skill level 5 in Shields
  5445 | D:6      | Found a large runed translucent door.
  5449 | D:6      | Found a large runed translucent door.
  5777 | D:6      | Got a pair of brightly glowing gloves
  5788 | D:6      | Identified the +0 pair of gloves of the Engineer {rF- rC+
                  | rN+ Slay+3 SInv} (You found it on level 6 of the Dungeon)
  5817 | D:6      | Reached XP level 10. HP: 78/78 MP: 14/14
  5829 | D:6      | Got a translucent copper amulet
  5831 | D:6      | Identified the amulet of Discretion {+Rage rC- Dex+8
                  | Slay+2} (You found it on level 6 of the Dungeon)
  5839 | D:6      | Got a shimmering whip
  5876 | D:7      | Noticed Harold
  5886 | D:7      | Killed Harold
  5886 | D:7      | Reached skill level 4 in Fighting
  5998 | D:7      | Reached ** piety under Qazlal
  6048 | D:7      | Noticed Dowan
  6050 | D:7      | Noticed Duvessa
  6058 | D:7      | Killed Duvessa
  6063 | D:7      | Killed Dowan
  6072 | D:7      | Identified the +9 whip of the Warrior {freeze, rC++ Str-2
                  | Int+2 SInv} (You found it on level 6 of the Dungeon)
  6131 | D:7      | Found a sacrificial altar of Ru.
  6135 | D:7      | Found a glowing golden altar of the Shining One.
  6291 | D:7      | Found a staircase to the Ecumenical Temple.
  6731 | D:8      | Noticed Erica
  6755 | D:8      | Killed Erica
  6755 | D:8      | Reached skill level 5 in Fighting
  6755 | D:8      | Reached skill level 1 in Invocations
  6760 | D:8      | Noticed a death yak
  6760 | D:8      | Noticed a death yak
  6761 | D:8      | Noticed a death yak
  6972 | D:8      | Found a staircase to the Lair.
  7148 | D:8      | Reached XP level 11. HP: 74/86 MP: 15/15
  7437 | D:8      | Noticed a death yak
  7568 | D:8      | Noticed a death yak
  7568 | D:8      | Noticed a death yak
  7599 | D:8      | Killed a death yak
  7648 | D:8      | Noticed a death yak
  7674 | D:8      | Killed a death yak
  7674 | D:8      | Reached skill level 5 in Armour
  7709 | D:7      | Killed a death yak
  8012 | D:8      | Reached skill level 7 in Fighting
  8012 | D:8      | Reached skill level 10 in Axes
  8012 | D:8      | Reached skill level 10 in Shields
  8012 | D:8      | Reached skill level 5 in Invocations
  8012 | D:8      | Reached XP level 12. HP: 100/100 MP: 16/16
  8350 | D:9      | Reached *** piety under Qazlal
  8431 | D:9      | Noticed a two-headed ogre
  8440 | D:9      | Killed a two-headed ogre
  8463 | D:9      | Found Yty Wutelyu's Food Shoppe.
  8747 | D:9      | Noticed a two-headed ogre
  8767 | D:9      | Killed a two-headed ogre
  8805 | D:9      | Found a staircase to the Orcish Mines.
  8867 | D:9      | Found a shadowy altar of Dithmenos.
  9076 | D:10     | Entered Level 10 of the Dungeon
  9205 | D:10     | Noticed a two-headed ogre
  9212 | D:10     | Killed a two-headed ogre
  9259 | D:10     | Reached XP level 13. HP: 101/107 MP: 17/17
  9389 | D:10     | Found the +8 lance "Wyrmbane" {slay drac, rPois rF+ rC+
                  | AC+3}
  9605 | D:10     | Noticed Sonja
  9614 | D:10     | Killed Sonja
  9637 | D:10     | Reached **** piety under Qazlal
 10045 | D:11     | Reached skill level 8 in Fighting
 10056 | D:11     | Noticed Fannar
 10079 | D:11     | Killed Fannar
 10552 | D:12     | Noticed an eight-headed hydra
 10569 | D:12     | Killed an eight-headed hydra
 10673 | D:12     | Noticed a centaur warrior
 10687 | D:12     | Killed a centaur warrior
 11005 | D:12     | Reached ***** piety under Qazlal
 11415 | D:13     | Found a flagged portal.
 11430 | Bailey   | Entered a bailey
 11435 | Bailey   | Noticed an orc warlord
 11500 | Bailey   | Found a runed translucent gate.
 11502 | Bailey   | Found a runed translucent gate.
 11504 | Bailey   | Found a runed translucent gate.
 11571 | Bailey   | Killed an orc warlord
 11588 | Bailey   | Reached skill level 9 in Fighting
 11588 | Bailey   | Reached XP level 14. HP: 112/118 MP: 18/20
 11590 | Bailey   | Identified a scroll of acquirement
 11648 | D:13     | Found a frozen archway.
 11654 | IceCv    | Entered an ice cave
 11692 | IceCv    | Reached XP level 15. HP: 112/125 MP: 21/21
 11754 | IceCv    | Identified the +7 hand crossbow of Wahuateq {penet, rN++}
                  | (You found it in an ice cave)
 12143 | IceCv    | Noticed a frost giant
 12163 | IceCv    | Killed a frost giant
 12163 | IceCv    | Reached skill level 10 in Fighting
 12286 | IceCv    | Identified Zifod's Compendium of the Snowflakes and
                  | Contamination
 12570 | D:13     | Noticed Maurice
 12574 | D:13     | Killed Maurice
 12695 | D:13     | Got a warped war axe
 12696 | D:13     | Identified the cursed +1 war axe of Quantum Leap {chop,
                  | *Corrode +Blink rElec rC++} (You found it on level 13 of
                  | the Dungeon)
 12991 | D:13     | Identified the +2 plate armour "Mein Utt" {*Drain Int+9
                  | Dex+5}
 13009 | D:13     | Reached ****** piety under Qazlal
 13040 | D:13     | Found a gate to the Vaults.
 13642 | Lair:1   | Entered Level 1 of the Lair of Beasts
 13696 | Lair:1   | Noticed Joseph
 13706 | Lair:1   | Killed Joseph
 13719 | Lair:1   | Reached skill level 15 in Shields
 14276 | Lair:2   | Found a deep blue altar of Sif Muna.
 14307 | Lair:2   | Found an opulent altar of Gozag.
 14624 | Lair:2   | Found a runed translucent gate.
 14624 | Lair:2   | Found a runed translucent gate.
 14624 | Lair:2   | Found a runed translucent gate.
 14625 | Lair:2   | Noticed adept's ghost (journeyman HOFi)
 15447 | Lair:3   | Reached skill level 10 in Armour
 15457 | Lair:3   | Found a staircase to the Snake Pit.
 15549 | Lair:3   | Found a runed translucent door.
 15549 | Lair:3   | Found a shimmering altar of Xom.
 15549 | Lair:3   | Noticed Plog's ghost (journeyman MiBe)
 15549 | Lair:3   | Identified the cursed +1 quarterstaff of Fiedd {chaos,
                  | Str+6}
 16071 | Lair:4   | Reached XP level 16. HP: 130/136 MP: 22/22
 16113 | Lair:4   | Found a staircase to the Shoals.
 16208 | Lair:4   | Reached skill level 11 in Fighting
 16815 | Lair:5   | Noticed Nessos
 16822 | Lair:5   | Killed Nessos
 17083 | Lair:5   | Reached skill level 15 in Axes
 17115 | Lair:5   | Got a translucent chain mail
 17716 | Lair:5   | Identified the +7 chain mail of the Circus Animal {rF+
                  | Int+4} (You found it on level 5 of the Lair of Beasts)
 17752 | Lair:6   | Entered Level 6 of the Lair of Beasts
 17923 | Lair:6   | Found a viscous altar of Jiyva.
 18095 | Lair:6   | Reached skill level 12 in Fighting
 18375 | Lair:6   | Found a staircase to the Slime Pits.
 18925 | Orc:1    | Entered Level 1 of the Orcish Mines
 19354 | Orc:2    | Entered Level 2 of the Orcish Mines
 19382 | Orc:2    | Lost mutation: You are robust. (+10% HP) [a neqoxec]
 19416 | Orc:2    | Reached XP level 17. HP: 71/135 MP: 17/23
 19586 | Orc:2    | Found a roughly hewn altar of Beogh.
 19626 | Orc:2    | Found a staircase to the Elven Halls.
 19942 | Orc:2    | Found Qavaib's General Store.
 19942 | Orc:2    | Found Pabuixe's Gadget Emporium.
 20031 | Orc:2    | Found Hinudum's Book Emporium.
 20031 | Orc:2    | Found Guuwin's Magic Scroll Shop.
 20520 | Snake:1  | Entered Level 1 of the Snake Pit
 20538 | Snake:1  | Noticed Aizul
 20558 | Snake:1  | Killed Aizul
 20586 | Snake:1  | Noticed Kirke
 20603 | Snake:1  | Killed Kirke
 20603 | Snake:1  | Reached skill level 13 in Fighting
 20640 | Snake:1  | Lost mutation: Your mind is acute. (Int +2) [potion of
                  | mutation]
 20640 | Snake:1  | Gained mutation: Your movements are slightly less
                  | encumbered by armour. (ER -2) [potion of mutation]
 20640 | Snake:1  | Gained mutation: You are somewhat resistant to further
                  | mutation. [potion of mutation]
 20640 | Snake:1  | Gained mutation: Your spells are a little harder to cast,
                  | but a little more powerful. [potion of mutation]
 20732 | Snake:1  | You are sucked into a shaft and drop 1 floor!
 20780 | Snake:2  | Identified the cursed +0 plate armour of Lugonu's
                  | Displeasure {MR++}
 21177 | Snake:1  | Reached XP level 18. HP: 139/145 MP: 24/24
 21542 | Snake:1  | Lost mutation: Your spells are a little harder to cast, but
                  | a little more powerful. [potion of mutation]
 21542 | Snake:1  | Lost mutation: You are somewhat resistant to further
                  | mutation. [potion of mutation]
 21542 | Snake:1  | Gained mutation: You have a somewhat thin skeletal
                  | structure. (Dex +2, Stealth) [potion of mutation]
 21542 | Snake:1  | Gained mutation: You expend magic power (3 MP) to
                  | strengthen your wands. [potion of mutation]
 21542 | Snake:1  | Gained mutation: You are agile. (Dex +2) [potion of
                  | mutation]
 22293 | Snake:3  | Noticed Mara
 22297 | Snake:3  | Noticed Mazulla's illusion
 22392 | Snake:3  | Noticed Mazulla's illusion
 22413 | Snake:3  | Reached skill level 14 in Fighting
 22438 | Snake:3  | Killed Mara
 23442 | Snake:4  | Entered Level 4 of the Snake Pit
 23569 | Snake:4  | Reached skill level 10 in Invocations
 23667 | Snake:4  | Reached skill level 15 in Fighting
 23695 | Snake:4  | Reached XP level 19. HP: 149/155 MP: 26/26
 23854 | Snake:4  | Got a serpentine rune of Zot
 23983 | Snake:4  | Got a pitted marble ring
 24302 | Snake:4  | Lost mutation: You are agile. (Dex +2) [potion of mutation]
 24302 | Snake:4  | Lost mutation: You have a somewhat thin skeletal structure.
                  | (Dex +2, Stealth) [potion of mutation]
 24302 | Snake:4  | Lost mutation: You expend magic power (3 MP) to strengthen
                  | your wands. [potion of mutation]
 24302 | Snake:4  | Lost mutation: Your movements are slightly less encumbered
                  | by armour. (ER -2) [potion of mutation]
 24302 | Snake:4  | Gained mutation: You are resistant to electric shocks.
                  | (rElec) [potion of mutation]
 24302 | Snake:4  | Gained mutation: You have a beak for a mouth. [potion of
                  | mutation]
 24326 | Snake:4  | Identified the ring of Dieq {*Drain rElec rC+++ Str-3
                  | Int+5} (You found it on level 4 of the Snake Pit)
 24327 | Snake:4  | Identified the cursed +0 scale mail "Qulual" {rN+ MR+++
                  | MP+9 Str-5} (You found it on level 4 of the Snake Pit)
 24502 | Shoals:1 | Entered Level 1 of the Shoals
 24509 | Shoals:1 | Noticed Donald
 24546 | Shoals:1 | Killed Donald
 24581 | Shoals:1 | Noticed Josephine
 24590 | Shoals:1 | Noticed Nikola
 24592 | Shoals:1 | Killed Josephine
 24625 | Shoals:1 | Killed Nikola
 25279 | Shoals:1 | Noticed Louise
 25305 | Shoals:1 | Cast into level 3 of the Abyss (Louise)
 25307 | Abyss:3  | Found a corrupted altar of Lugonu.
 25309 | Abyss:3  | Found a transporter.
 25330 | Abyss:3  | Reached skill level 16 in Fighting
 25350 | Abyss:3  | HP: 5/157 [shadow dragon (12)]
 25382 | Abyss:3  | Noticed a Hell Sentinel
 25442 | Abyss:3  | Killed a Hell Sentinel
 25471 | Abyss:3  | Found a transporter.
 25475 | Abyss:3  | Found a transporter.
 25476 | Abyss:3  | Got an abyssal rune of Zot
 25487 | Shoals:1 | Escaped the Abyss
 25496 | Shoals:1 | Killed Louise
 25916 | Shoals:1 | Found a hide-covered altar of Uskayaw.
 26051 | Shoals:1 | Lost mutation: You are resistant to electric shocks.
                  | (rElec) [potion of mutation]
 26051 | Shoals:1 | Gained mutation: You are frail. (-10% HP) [potion of
                  | mutation]
 26051 | Shoals:1 | Gained mutation: Your muscles are strong. (Str +2) [potion
                  | of mutation]
 26138 | Lair:6   | Lost mutation: Your muscles are strong. (Str +2) [potion of
                  | mutation]
 26138 | Lair:6   | Lost mutation: You are frail. (-10% HP) [potion of
                  | mutation]
 26138 | Lair:6   | Lost mutation: You have a beak for a mouth. [potion of
                  | mutation]
 26138 | Lair:6   | Gained mutation: You passively map a small area around you.
                  | [potion of mutation]
 26138 | Lair:6   | Gained mutation: You have a beak for a mouth. [potion of
                  | mutation]
 26138 | Lair:6   | Gained mutation: Your muscles are strong. (Str +2) [potion
                  | of mutation]
 26139 | Lair:6   | Lost mutation: Your muscles are strong. (Str +2) [potion of
                  | mutation]
 26139 | Lair:6   | Lost mutation: You passively map a small area around you.
                  | [potion of mutation]
 26139 | Lair:6   | Lost mutation: You have a beak for a mouth. [potion of
                  | mutation]
 26139 | Lair:6   | Gained mutation: You are resistant to hostile enchantments.
                  | (MR+) [potion of mutation]
 26139 | Lair:6   | Gained mutation: You are partially covered in slimy green
                  | scales. (AC +2) [potion of mutation]
 26139 | Lair:6   | Gained mutation: You are frail. (-10% HP) [potion of
                  | mutation]
 26139 | Lair:6   | Gained mutation: You expend magic power (3 MP) to
                  | strengthen your wands. [potion of mutation]
 26140 | Lair:6   | Lost mutation: You are resistant to hostile enchantments.
                  | (MR+) [potion of mutation]
 26140 | Lair:6   | Lost mutation: You are frail. (-10% HP) [potion of
                  | mutation]
 26140 | Lair:6   | Lost mutation: You are partially covered in slimy green
                  | scales. (AC +2) [potion of mutation]
 26140 | Lair:6   | Lost mutation: You expend magic power (3 MP) to strengthen
                  | your wands. [potion of mutation]
 26140 | Lair:6   | Gained mutation: You are partially covered in rugged brown
                  | scales. (AC +1, +3% HP) [potion of mutation]
 26140 | Lair:6   | Gained mutation: Your flesh is heat resistant. (rF+)
                  | [potion of mutation]
 26140 | Lair:6   | Gained mutation: You possess an exceptional clarity of
                  | mind. [potion of mutation]
 26360 | Shoals:2 | Reached XP level 20. HP: 167/170 MP: 28/28
 26625 | Shoals:2 | You are sucked into a shaft and drop 1 floor!
 26673 | Shoals:3 | Noticed Jorgrun
 26703 | Shoals:3 | Killed Jorgrun
 26919 | Shoals:3 | Reached skill level 17 in Fighting
 27380 | Shoals:4 | Entered Level 4 of the Shoals
 28198 | Shoals:4 | Got a barnacled rune of Zot
 28474 | Shoals:4 | Identified Xaihi's Volume of Venom and Transmigration
 28973 | Vaults:1 | Entered Level 1 of the Vaults
 29354 | Vaults:1 | Reached XP level 21. HP: 181/181 MP: 29/29
 29391 | Vaults:1 | Reached skill level 18 in Fighting
 29803 | Vaults:1 | Found Tomouthu's Distillery.
 30146 | Vaults:2 | Reached skill level 5 in Throwing
 30758 | Vaults:2 | Identified the Guide on Lucky Moulding
 31939 | Vaults:3 | Gained mutation: You are weak. (Str -2) [a neqoxec]
 32009 | Vaults:3 | Noticed a bone dragon
 32014 | Vaults:3 | Reached skill level 19 in Fighting
 32033 | Vaults:3 | Reached XP level 22. HP: 192/192 MP: 31/31
 32046 | Vaults:3 | Killed a bone dragon
 32547 | Vaults:3 | Found a staircase to the Crypt.
 33843 | Vaults:4 | Identified the +9 rapier "Isyhan" {vamp, rPois rC- Str+3
                  | Stlth+}
 34315 | Vaults:4 | Reached skill level 20 in Fighting
 34862 | Elf:1    | Entered Level 1 of the Elven Halls
 34890 | Elf:1    | Found Zotroudine's General Store.
 35022 | Elf:1    | Reached XP level 23. HP: 197/202 MP: 33/33
 35406 | Elf:1    | Found a radiant altar of Vehumet.
 35494 | Elf:1    | Identified Pegaruru's Almanac of Stolen Souls
 35526 | Elf:1    | You are sucked into a shaft and drop 1 floor!
 35584 | Elf:2    | Found a huge runed translucent gate.
 35585 | Elf:2    | Found a huge runed translucent gate.
 35586 | Elf:2    | Found a huge runed translucent gate.
 35587 | Elf:2    | Found a huge runed translucent gate.
 35588 | Elf:2    | Found a huge runed translucent gate.
 35681 | Elf:2    | Reached skill level 15 in Armour
 36061 | Elf:1    | Found Celets's Armour Shoppe.
 36069 | Elf:1    | Found Kutomu's Magic Scroll Emporium.
 36075 | Elf:1    | Bought a scroll of acquirement for 520 gold pieces
 36075 | Elf:1    | Bought a scroll of acquirement for 520 gold pieces
 36084 | Elf:1    | Found the +2 cloak of the Thief {+Fog Slay-2 SInv Stlth+}
 36410 | Elf:2    | Found an ancient bone altar of Kikubaaqudgha.
 36414 | Elf:2    | Reached skill level 21 in Fighting
 36725 | Elf:3    | Entered Level 3 of the Elven Halls
 37326 | Elf:3    | Identified the ring "Puiqiet" {Fire rN+}
 37340 | Elf:3    | Identified the amulet "Metuf" {Spirit Fragile rN+++ Str+2
                  | SInv}
 37341 | Elf:3    | Reached skill level 22 in Fighting
 37363 | Elf:3    | Reached XP level 24. HP: 151/218 MP: 17/33
 37397 | Elf:3    | Identified the +1 mace of Skirmishing {venom, rElec rN+
                  | Dex+4 Stlth-}
 37397 | Elf:3    | Identified the +1 ring mail "Kung" {rElec rC+ Stlth-}
 37584 | Elf:3    | Found Duycash's General Store.
 37776 | Elf:3    | Found the +7 sceptre of Torment {pain, torment}
 37780 | Elf:3    | Identified the +1 scale mail "Tiveteut" {Dex+4} (You found
                  | it on level 3 of the Elven Halls)
 37809 | Elf:3    | Identified the +6 hunting sling of Jynoc {freeze, rElec rN+
                  | MR- Dex+3} (You found it on level 3 of the Elven Halls)
 38760 | D:15     | Entered Level 15 of the Dungeon
 38999 | D:15     | Found Kuiviw's Antique Weapon Shoppe.
 39253 | D:15     | Found a staircase to the Depths.
 39411 | Depths:1 | Entered Level 1 of the Depths
 39434 | Depths:1 | Reached skill level 23 in Fighting
 39656 | Depths:1 | Found a gateway to Hell.
 40902 | Depths:2 | You are sucked into a shaft and drop 2 floors!
 41057 | Depths:4 | Reached skill level 24 in Fighting
 41146 | Depths:4 | Reached XP level 25. HP: 230/230 MP: 34/34
 41622 | Depths:2 | Found a one-way gate to the infinite horrors of the Abyss.
 41814 | Depths:2 | Found Fohoho's Distillery.
 41909 | Depths:2 | Bought a potion of invisibility for 176 gold pieces
 41909 | Depths:2 | Bought a potion of heal wounds for 110 gold pieces
 41909 | Depths:2 | Bought a potion of brilliance for 88 gold pieces
 42041 | Depths:2 | Reached skill level 15 in Invocations
 42042 | Depths:2 | Found a blossoming altar of Fedhas.
 42604 | Depths:3 | Reached skill level 25 in Fighting
 42665 | Depths:3 | Reached skill level 5 in Spellcasting
 42782 | Depths:3 | Found a one-way gate leading to the halls of Pandemonium.
 42786 | Depths:3 | Learned a level 2 spell: Swiftness
 42932 | Depths:3 | Learned a level 2 spell: Song of Slaying
 43600 | Depths:4 | Found a gateway to a ziggurat.
 43864 | Depths:4 | Found a corrupted altar of Lugonu.
 44093 | Depths:4 | Reached skill level 1 in Charms
 44447 | Depths:4 | Reached skill level 5 in Charms
 44447 | Depths:4 | Reached XP level 26. HP: 243/243 MP: 34/34
 44448 | Depths:4 | Reached XP level 27. HP: 251/251 MP: 34/34
 44469 | Depths:4 | Got a coiled copper ring
 44470 | Depths:4 | Identified the ring of Leomn {Fire Str+2} (You found it on
                  | level 4 of the Depths)
 44567 | Depths:5 | Entered Level 5 of the Depths
 44918 | Depths:5 | Found Boyfidi's Assorted Antiques.
 45297 | Depths:5 | Found a portal to a secret trove of treasure.
 45486 | Depths:5 | Found a gate to the Realm of Zot.
 45492 | Depths:5 | Identified the +1 chain mail of Vanaty Ziar {+Blink rElec
                  | Int+4} (You found it on level 5 of the Depths)
 45647 | Zot:1    | Entered Level 1 of the Realm of Zot
 46687 | Depths:2 | Bought a potion of resistance for 220 gold pieces
 46687 | Depths:2 | Bought a potion of curing for 66 gold pieces
 46687 | Depths:2 | Bought a potion of curing for 66 gold pieces
 46687 | Depths:2 | Bought a potion of curing for 66 gold pieces
 46867 | Vaults:1 | Bought a potion of invisibility for 152 gold pieces
 46867 | Vaults:1 | Bought a potion of might for 76 gold pieces
 46867 | Vaults:1 | Bought a potion of brilliance for 76 gold pieces
 47107 | D:4      | Bought a potion of magic for 80 gold pieces
 47107 | D:4      | Bought a potion of resistance for 100 gold pieces
 47107 | D:4      | Bought a potion of might for 40 gold pieces
 47107 | D:4      | Bought 2 potions of magic for 160 gold pieces
 47107 | D:4      | Bought a potion of agility for 40 gold pieces
 47111 | D:4      | Learned a level 3 spell: Regeneration
 48982 | Zot:3    | Found a glowing silver altar of Zin.
 48986 | Zot:3    | Identified the Compendium of the Zealot
 49000 | Zot:3    | Identified the Almanac of Fire and Brimstone
 49721 | Zot:4    | Noticed an orb of fire
 49740 | Zot:4    | Gained mutation: You do not regenerate when monsters are
                  | visible. [an orb of fire]
 49753 | Zot:4    | Killed an orb of fire
 49767 | Zot:3    | Lost mutation: You possess an exceptional clarity of mind.
                  | [potion of mutation]
 49767 | Zot:3    | Lost mutation: You are weak. (Str -2) [potion of mutation]
 49767 | Zot:3    | Lost mutation: You do not regenerate when monsters are
                  | visible. [potion of mutation]
 49767 | Zot:3    | Lost mutation: Your flesh is heat resistant. (rF+) [potion
                  | of mutation]
 49767 | Zot:3    | Gained mutation: You are agile. (Dex +2) [potion of
                  | mutation]
 49767 | Zot:3    | Gained mutation: Your muscles are strong. (Str +2) [potion
                  | of mutation]
 50706 | Zot:5    | Entered Level 5 of the Realm of Zot
 51168 | Zot:5    | Noticed an orb of fire
 51176 | Zot:5    | Lost mutation: Your muscles are strong. (Str +2) [an orb of
                  | fire]
 51181 | Zot:5    | Gained mutation: Scrolls take you a little longer to read.
                  | [an orb of fire]
 51186 | Zot:5    | Gained mutation: Your spells are a little easier to cast,
                  | but a little less powerful. [an orb of fire]
 51189 | Zot:5    | Killed an orb of fire
 51189 | Zot:5    | Reached skill level 1 in Evocations
 51206 | Zot:5    | Noticed a Killer Klown
 51208 | Zot:5    | Noticed an orb of fire
 51210 | Zot:5    | Noticed a Killer Klown
 51216 | Zot:5    | Gained mutation: You are dopey. (Int -2) [an orb of fire]
 51225 | Zot:5    | Killed an orb of fire
 51226 | Zot:5    | Noticed an ancient lich
 51228 | Zot:5    | Reached skill level 5 in Evocations
 51244 | Zot:5    | Noticed a Killer Klown
 51248 | Zot:5    | Noticed a Killer Klown
 51250 | Zot:5    | Killed an ancient lich
 51261 | Zot:5    | Noticed an ancient lich
 51267 | Zot:5    | Noticed a shard shrike
 51267 | Zot:5    | a Killer Klown changed into a shard shrike
 51267 | Zot:5    | Noticed an ancient lich
 51267 | Zot:5    | Noticed an orb of fire
 51268 | Zot:5    | Killed a shard shrike
 51273 | Zot:5    | Noticed a Killer Klown
 51275 | Zot:5    | Killed a Killer Klown
 51275 | Zot:5    | Killed a Killer Klown
 51275 | Zot:5    | Killed an ancient lich
 51277 | Zot:5    | Killed an ancient lich
 51277 | Zot:5    | Reached skill level 10 in Evocations
 51277 | Zot:5    | Gained mutation: You are frail. (-10% HP) [an orb of fire]
 51284 | Zot:5    | Killed a Killer Klown
 51292 | Zot:5    | Killed a Killer Klown
 51294 | Zot:5    | Killed an orb of fire
 51300 | Zot:5    | Killed from afar by an electric golem

Levels and vault maps discovered:
D:1:      evilmike_arrival_plus, layout_basic
D:2:      layout_basic, nicolae_overflow_hidden_temple, grunt_gozag_statues,
          grunt_decor_mini_mirrors
D:3:      layout_rooms, lemuel_doored_altar, first_ration
D:4:      layout_basic, old_standard_altar, old_standard_altar,
          portal_sewer_entry_f, serial_shops, nicolae_shop_crystal,
          nicolae_ashenzari_panopticon
D:5:      layout_loops_ring, xom_redecorated, kennysheep_diamond, uniq_menkaure,
          uniq_pikel, uniq_ijyb, uniq_grinder
D:6:      layout_loops_corners, bloody_makhleb, serial_shops,
          nicolae_shop_stone, minmay_hollow_rounded_squares
D:7:      layout_rooms, grunt_temple_overflow_open, temple_fountains,
          uniq_duvessa, uniq_harold
D:8:      layout_cave_pods, dpeg_lair_monsters, hangedman_pestilent_swarm,
          uniq_erica
D:9:      layout_gridville, kennysheep_mini, serial_shops, nicolae_shop_trees,
          serial_rivers, chequers_serial_rivers_micro_c,
          chequers_serial_rivers_large_b, chequers_serial_rivers_room_a,
          chequers_serial_rivers_small_b, nicolae_lava_and_water
D:10:     layout_basic, hangedman_decor_diamond_cutter, abandoned_shop,
          serial_bayou_pond_e, nicolae_looking_at_the_future, uniq_sonja
D:11:     layout_cave_pools, uniq_fannar
D:12:     layout_roguey
D:13:     layout_gridville, ximxim_vaults_locker_room,
          portal_ice_cave_entry_pillars_2, enter_bailey_2, uniq_maurice
D:14:     layout_loops_cross, minivault_11, chequers_serial_rivers_micro_a
D:15:     grunt_enter_depths_hoard, layout_rooms, serial_shops, shop_fountains,
          minivault_4, minmay_unpleasant_kobolds
Lair:1:   layout_long_grid, beast_lair_carwin_5, uniq_joseph
Lair:2:   layout_chaotic_city, gammafunk_ghost_necromancy, basic_altar,
          st_stairs_3, lemuel_centaur_altar
Lair:3:   layout_big_grid, dummy_snake_entry, ebering_ghost_xom,
          serial_bayou_ford_a, minmay_stone_trees_small,
          infiniplex_staircase_pool_2
Lair:4:   layout_roguey, minmay_shoals_entry_beasts
Lair:5:   layout_gridlike, minmay_shattered_shrine, uniq_nessos
Lair:6:   gammafunk_lair_ancient_temple, layout_long_grid, slime_altar_1,
          grunt_megastairs_2
Shoals:1: layout_shoals, regret_index_shoals_crete, uniq_nikola, uniq_josephine,
          uniq_donald, uniq_louise
Shoals:2: layout_shoals, ebering_ghost_disaster_area
Shoals:3: layout_shoals, uniq_jorgrun
Shoals:4: shoals_end_grunt_ice, layout_shoals
Snake:1:  layout_grid_shapes, serial_bayou_shore_b, uniq_aizul, uniq_kirke
Snake:2:  dpeg_oklob_gauntlet, layout_gridlike, serial_bayou_lagoon_a
Snake:3:  layout_misc_corridors, st_stairs_14, uniq_mara
Snake:4:  snake_pit, layout_rooms, serial_bayou_shore_b
Orc:1:    layout_caves
Orc:2:    st_orc_town, layout_caves
Elf:1:    eino_elf_arrival_sip, layout_geoelf_diagonals, serial_shops, shop,
          serial_corexii_hall, chequers_hall_statues_corner_a,
          chequers_hall_statues_corner_a, chequers_hall_statues_y,
          minmay_elf_necromancy, lemuel_statue_altar, minmay_shoptagon
Elf:2:    layout_geoelf_diagonals, basic_altar
Elf:3:    minmay_elf_hall_curves, layout_rooms, serial_shops,
          nicolae_shop_competitors_out_of_business
Vaults:1: hangedman_vaults_variations, nicolae_vaults_twisting_passages,
          ontoclasm_vaults_spin, nicolae_vaults_network_periphery,
          nicolae_vaults_little_ls, nicolae_vaults_little_squares_3,
          hangedman_vaults_snaps, nicolae_vaults_holding_cells,
          grunt_vaults_funnel, nicolae_vaults_shelves_hall,
          nicolae_vaults_angled_halls, layout_vaults_maze_bifur, serial_shops,
          nicolae_shop_trees
Vaults:2: nicolae_vaults_little_squares_5, v_pattern_5, v_misc_8,
          ontoclasm_vaults_eye, ontoclasm_vaults_chip, vaults_dpeg_ring,
          vaults_room_door_hall, v_misc_31, layout_vaults_quadrants
Vaults:3: nicolae_vaults_back_hallway, ontoclasm_vaults_hangar,
          hangedman_vaults_restitches, v_misc_14, vaults_mumra_minichess,
          nicolae_vaults_angled_halls, hangedman_vaults_nails,
          nicolae_vaults_specimen_jars, nicolae_vaults_shelves_hall,
          minmay_crypt_entry_nasty_monster, vaults_room_grunt_arrival_ludios,
          layout_vaults_big_room
Vaults:4: nicolae_vaults_ninety_degrees, ontoclasm_vaults_bender, st_squares,
          v_misc_24, nicolae_vaults_network_square, nicolae_vaults_what_the_h,
          vaults_dpeg_encased_lava, ontoclasm_vaults_gateway,
          grunt_vaults_hallway_short, v_misc_24,
          nicolae_vaults_little_squares_2, grunt_vaults_hallway_long,
          grunt_vaults_twisty, layout_vaults_big_cross
Depths:1: layout_cave_pools, hell_entry, roderic_lattice_a,
          lemuel_flamethrower_3
Depths:2: minmay_the_grid_four_pointed_star_mashed
          [minmay_the_grid_triangle_9x9_shrine,
          minmay_the_grid_triangle_9x9_stretched_checkered,
          minmay_the_grid_triangle_9x9_negative_grid,
          minmay_the_grid_triangle_9x9_longest,
          minmay_the_grid_prize_inner_circle], layout_honeycomb, serial_shops,
          nicolae_shop_waterfront, lightli_too_deep,
          chequers_serial_rivers_small_3, abyss_entry, roderic_malta_cross
Depths:3: minmay_angry_zag, layout_basic, pan_entry, pf_coc_iceberg,
          minmay_misc_feat_five, serial_bayou_shore_a,
          infiniplex_staircase_zigzag_5
Depths:4: kennysheep_water_balloons, layout_cave_shapes, enter_ziggurat_a,
          abyss_entry_flame_altar, pf_hell_entry_tar_spiral,
          ebering_dispersal_statue_hall, serial_bayou_shore_b,
          infiniplex_staircase_zigzag_3, firewood_loft
Depths:5: grunt_zot_entry_gee_three, layout_gridlike, enter_trove_3,
          serial_shops, nicolae_shop_crystal, dk_noncrumbling_3, hell_entry
Zot:1:    nicolae_zot_stationary_front, layout_gridville,
          gammafunk_ghost_tricky_traps
Zot:2:    layout_onion, st_single_dragon_hoard_1
Zot:3:    nicolae_zot_draconian_monastery, layout_onion_interference
Zot:4:    layout_misc_corridors, hangedman_zot_decor_slant
Zot:5:    layout_misc_corridors

Skill      XL: |  1  2  3  4  5  6  7  8  9 10 11 12 13 14 15 16 17 18 19 20 21 22 23 24 25 26 27 |
---------------+----------------------------------------------------------------------------------+-----
Conjurations   | 1 |  1.2
Fighting       | 1 2 3 5 7 9 10 12 13 15 16 17 19 20 22 24 25 | 25.7
Air Magic      | 1 |  1.3
Slings         | 1 2 3 4 6 7 |  7.7
Axes           | 1 2 4 5 7 8 10 11 12 14 16 17 18 19 20 21 | 21.9
Armour         | 1 2 3 4 7 9 10 11 12 13 14 15 23 | 23.0
Shields        | 2 5 8 10 11 13 15 | 15.0
Throwing       | 1 2 3 4 5 |  5.5
Invocations    | 1 5 6 8 9 10 11 12 13 14 15 16 | 16.6
Spellcasting   | 3 5 7 |  7.4
Dodging        | 2 4 |  4.7
Charms         | 5 7 |  7.2
Evocations     | 11 | 11.9
Stealth        | |  2.4
Poison Magic   | |  4.3

Action                   |  1- 3 |  4- 6 |  7- 9 | 10-12 | 13-15 | 16-18 | 19-21 | 22-24 | 25-27 || total
-------------------------+-------+-------+-------+-------+-------+-------+-------+-------+-------++-------
Melee: Whip              |    26 |     1 |       |       |       |       |       |       |       ||    27
       Hand axe          |       |    22 |   237 |   320 |   333 |       |       |       |       ||   912
       Lance             |       |       |       |       |   346 |    67 |    61 |    40 |   258 ||   772
       Broad axe         |       |       |       |       |   234 |  1160 |  1483 |  1294 |  1240 ||  5411
       Battleaxe         |       |       |       |       |    69 |       |       |       |       ||    69
       Peck              |       |       |       |       |       |       |    84 |       |       ||    84
       Executioner's axe |       |       |       |       |       |       |     5 |   150 |       ||   155
 Fire: Hunting sling     |    37 |   144 |    71 |       |       |       |       |       |       ||   252
Throw: Boomerang         |       |       |       |    14 |     2 |       |       |       |       ||    16
       Javelin           |       |       |       |       |       |       |    20 |       |     2 ||    22
 Cast: Sting             |     4 |       |       |       |       |       |       |       |       ||     4
       Song of Slaying   |       |       |       |       |       |       |       |       |     8 ||     8
Invok: Disaster Area     |       |       |       |       |       |     2 |     1 |     3 |     5 ||    11
       Elemental Force   |       |       |       |       |       |     1 |       |     1 |       ||     2
 Abil: Dig               |       |       |       |       |       |       |       |       |     1 ||     1
Evoke: Wand              |       |       |     1 |     6 |     2 |     9 |     9 |       |     3 ||    30
       Phantom mirror    |       |       |       |       |       |       |       |       |     1 ||     1
  Use: Scroll            |     1 |       |    15 |     3 |    21 |     7 |     6 |    13 |    25 ||    91
       Potion            |       |     1 |     1 |     2 |     1 |     3 |    23 |     1 |    12 ||    44
 Stab: Sleeping          |     2 |       |       |       |       |       |       |       |       ||     2
       Paralysed         |       |       |     5 |       |     2 |       |       |       |       ||     7
       Distracted        |       |       |       |       |       |       |     1 |       |     1 ||     2
       Confused          |       |       |       |       |       |       |       |       |     1 ||     1
  Eat: Chunk             |     1 |     7 |     8 |     6 |    23 |    22 |    22 |    17 |    13 ||   119
       Ration            |       |       |       |     2 |       |     1 |     2 |     4 |     6 ||    15
Armor: Robe              |    14 |       |       |       |       |       |       |       |       ||    14
       Plate armour      |       |    65 |    50 |       |       |       |       |       |       ||   115
       Ring mail         |       |     1 |       |       |       |       |       |       |       ||     1
       Chain mail        |       |       |   102 |    55 |   180 |   266 |   370 |   388 |   286 ||  1647
       Gold dragon scale |       |       |       |       |       |       |       |       |   361 ||   361
Dodge: Dodged            |    30 |    28 |    37 |    55 |   169 |   271 |   250 |   157 |   301 ||  1298
       Deflected         |       |       |       |       |    17 |    42 |    51 |    26 |    12 ||   148
Block: Large shield      |       |       |   152 |   230 |  1047 |  1507 |  1682 |  1373 |  1981 ||  7972
       Reflection        |       |       |       |       |    18 |     3 |       |       |     9 ||    30

Table legend:
 A = Non-vault XP
 B = Vault XP
 C = Vault XP percentage of total XP
 D = Non-vault monster count
 E = Vault monster count
 F = Vault count percentage of total count
                 A         B        C        D         E       F
            +---------+---------+-------+---------+---------+-------
      Total |  802441 |  514991 |  39.1 |    1432 |     655 |  31.4
            +---------+---------+-------+---------+---------+-------
        D:1 |      13 |       0 |   0.0 |       9 |       0 |   0.0
        D:2 |      77 |       0 |   0.0 |      15 |       0 |   0.0
        D:3 |      50 |       0 |   0.0 |      21 |       0 |   0.0
        D:4 |     378 |       9 |   2.3 |      15 |       4 |  21.1
        D:5 |     782 |    1187 |  60.3 |      25 |       5 |  16.7
        D:6 |     732 |     616 |  45.7 |      13 |       8 |  38.1
        D:7 |     636 |    2121 |  76.9 |      17 |       4 |  19.0
        D:8 |     526 |    6795 |  92.8 |      14 |      11 |  44.0
        D:9 |    4239 |       0 |   0.0 |      28 |       0 |   0.0
       D:10 |    4251 |    1665 |  28.1 |      28 |      11 |  28.2
       D:11 |    2944 |    1017 |  25.7 |      22 |       1 |   4.3
       D:12 |    7356 |       0 |   0.0 |      42 |       0 |   0.0
       D:13 |    3656 |    5927 |  61.8 |      17 |      13 |  43.3
       D:14 |   15146 |       0 |   0.0 |      46 |       0 |   0.0
       D:15 |    6130 |    2224 |  26.6 |      19 |       8 |  29.6
     Lair:1 |    1918 |    1204 |  38.6 |      13 |       7 |  35.0
     Lair:2 |    3945 |     447 |  10.2 |      18 |       4 |  18.2
     Lair:3 |    4800 |       0 |   0.0 |      15 |       0 |   0.0
     Lair:4 |    8573 |     800 |   8.5 |      42 |       2 |   4.5
     Lair:5 |    3580 |    6356 |  64.0 |      18 |       9 |  33.3
     Lair:6 |    9276 |   14264 |  60.6 |      28 |      36 |  56.2
   Shoals:1 |   10766 |   16616 |  60.7 |      22 |      20 |  47.6
   Shoals:2 |   20531 |       0 |   0.0 |      34 |       0 |   0.0
   Shoals:3 |    8036 |    2950 |  26.9 |      17 |       1 |   5.6
   Shoals:4 |   15934 |   19419 |  54.9 |      34 |      31 |  47.7
    Snake:1 |   24974 |    4890 |  16.4 |      49 |       9 |  15.5
    Snake:2 |   21344 |    1129 |   5.0 |      36 |       2 |   5.3
    Snake:3 |   19365 |    7817 |  28.8 |      37 |       2 |   5.1
    Snake:4 |   13210 |   28039 |  68.0 |      27 |      42 |  60.9
      Orc:1 |    2675 |       0 |   0.0 |      37 |       0 |   0.0
      Orc:2 |    3652 |    6448 |  63.8 |      22 |      61 |  73.5
      Elf:1 |   12107 |    4711 |  28.0 |      20 |      11 |  35.5
      Elf:2 |   10656 |   24068 |  69.3 |      16 |      31 |  66.0
      Elf:3 |   23596 |   41867 |  64.0 |      40 |      31 |  43.7
   Vaults:1 |    6962 |   31213 |  81.8 |      18 |      33 |  64.7
   Vaults:2 |   46695 |   15070 |  24.4 |      75 |      24 |  24.2
   Vaults:3 |   21988 |   14600 |  39.9 |      47 |      19 |  28.8
   Vaults:4 |   33136 |   25228 |  43.2 |      57 |      29 |  33.7
   Depths:1 |   41720 |       0 |   0.0 |      54 |       0 |   0.0
   Depths:2 |   28091 |   17963 |  39.0 |      34 |      13 |  27.7
   Depths:3 |   48274 |    6365 |  11.6 |      69 |       5 |   6.8
   Depths:4 |   33392 |   14972 |  31.0 |      37 |       7 |  15.9
   Depths:5 |   46699 |   22668 |  32.7 |      45 |      17 |  27.4
      Zot:1 |    5595 |       0 |   0.0 |       3 |       0 |   0.0
      Zot:2 |   46075 |    4104 |   8.2 |      29 |       1 |   3.3
      Zot:3 |   66887 |   38227 |  36.4 |      43 |      23 |  34.8
      Zot:4 |   51512 |       0 |   0.0 |      21 |       0 |   0.0
      Zot:5 |   58692 |   91893 |  61.0 |      36 |      19 |  34.5
    Abyss:3 |     869 |   17284 |  95.2 |       8 |      18 |  69.2
      Sewer |       0 |     151 | 100.0 |       0 |      19 | 100.0
     Bailey |       0 |    2259 | 100.0 |       0 |      23 | 100.0
      IceCv |       0 |   10408 | 100.0 |       0 |      41 | 100.0
            +---------+---------+-------+---------+---------+-------
